 Dungeon Crawl Stone Soup version 0.24.0-13-gcf9b3192b9 (console) character file.

Game seed: 17991864930067211455, levelgen mode: deterministic

4330 AlterAsc the Tainter (level 10, -3/69 HPs)
             Began as a Green Draconian Venom Mage on Nov 9, 2019.
             Was a Believer of Qazlal.
             Slain by a wyvern skeleton (13 damage)
             ... on level 8 of the Dungeon.
             The game lasted 00:39:38 (7355 turns).

AlterAsc the Tainter (Green Draconian Venom Mage)   Turns: 7355, Time: 00:39:39

Health: -3/69      AC: 11    Str: 11    XL:     10   Next: 12%
Magic:  19/35      EV: 12    Int: 19    God:    Qazlal [**....]
Gold:   277        SH:  3    Dex: 11    Spells: 8/23 levels left

rFire    . . .     SeeInvis .   x - staff of power
rCold    . . .     Gourm    .   (no shield)
rNeg     . . .     Faith    .   (armour unavailable)
rPois    +         Spirit   .   d - +2 hat
rElec    .         Reflect  .   s - +0 cloak
rCorr    .         Harm     .   w - +0 pair of gloves
MR       .....                  (no boots)
Stlth    +.........             B - amulet of inaccuracy (curse)
HPRegen  0.21/turn              j - ring of wizardry
MPRegen  0.24/turn              (no ring)

@: no status effects
A: breathe noxious fumes, unfitting armour, poison resistance, cold-blooded, AC
+7
a: Breathe Noxious Fumes, Upheaval, Renounce Religion


You were on level 8 of the Dungeon.
You worshipped Qazlal.
Qazlal was pleased with you.
You were not hungry.

You visited 2 branches of the dungeon, and saw 9 of its levels.

You collected 277 gold pieces.

Inventory:

Hand Weapons
 q - a +0 short sword
 r - a +1 dagger of venom
Missiles
 a - 181 stones
 E - 14 poisoned darts (quivered)
Armour
 d - a +2 hat (worn)
 s - a +0 cloak (worn)
 w - a +0 pair of gloves (worn)
Magical Staves
 x - an uncursed staff of power (weapon)
Jewellery
 j - a ring of wizardry (left hand)
 B - a cursed amulet of inaccuracy (around neck)
Wands
 o - a wand of paralysis (7)
Scrolls
 e - 2 scrolls of enchant weapon
 h - 5 scrolls of amnesia
 i - 2 scrolls of blinking
 k - 3 scrolls of teleportation {unknown}
 m - 2 scrolls of immolation {unknown}
 n - a scroll of noise {unknown}
 t - 3 scrolls of remove curse {unknown}
 u - a scroll of fog {unknown}
 v - 3 scrolls of fear {unknown}
 y - 2 scrolls of magic mapping {unknown}
Potions
 c - 2 potions of might {unknown}
 f - a potion of degeneration {unknown}
 g - a potion of heal wounds {unknown}
 l - a potion of mutation {unknown}
 p - 2 potions of curing
 z - a potion of ambrosia {unknown}
 A - a potion of haste {unknown}
 C - 2 potions of invisibility {unknown}
Comestibles
 b - 5 rations
 D - 6 chunks of flesh


   Skills:
 - Level 1.7 Dodging
 - Level 1.7 Stealth
 + Level 7.0 Spellcasting
 - Level 4.1 Conjurations
 + Level 4.5 Air Magic
 * Level 12.7 Poison Magic
 + Level 3.4 Invocations


You had 8 spell levels left.
You knew the following spells:

 Your Spells              Type           Power        Failure   Level  Hunger
a - Sting                 Conj/Pois      ####         1%          1    None
b - Poisonous Vapours     Pois/Air       #####.       1%          2    None
c - Mephitic Cloud        Conj/Pois/Air  ####....     1%          3    #......
d - Olgreb's Toxic Radia  Pois           ######..     1%          4    ###....
e - Venom Bolt            Conj/Pois      #####.....   3%          5    #####..

Your spell library contained the following spells:

 Spells                   Type           Power        Failure   Level  Hunger


Dungeon Overview and Level Annotations

Branches:
Dungeon (8/15)             Temple (1/1) D:4            Lair (0/6) D:8

Altars:
Cheibriados
Dithmenos
Elyvilon
Fedhas
Gozag
Hepliaklqana
Makhleb
Nemelex Xobeh
Okawaru
Qazlal
Ru
Sif Muna
Trog
Uskayaw
Vehumet
Wu Jian
Xom
Yredelemnul
Zin
The Shining One

Shops:
D:4 =*::*   D:6 (!   D:8 (

Annotations:
D:3 3 runed translucent doors, Shaidar's ghost, amateur HOFi


Innate Abilities, Weirdness & Mutations

You can breathe blasts of noxious fumes.
Your lurid green scales are hard. (AC +7)
You cannot fit into any form of body armour.
Your system is resistant to poisons. (rPois)
You are cold-blooded and may be slowed by cold attacks.


Message History

The wyvern skeleton is severely damaged.
The wyvern skeleton bites you.
* * * LOW HITPOINT WARNING * * *
The wyvern skeleton bites you.
* * * LOW HITPOINT WARNING * * *
You barely miss the wyvern skeleton.
The wyvern skeleton is severely damaged.
The wyvern skeleton bites you.
* * * LOW HITPOINT WARNING * * *
You barely miss the wyvern skeleton. You tail-slap the wyvern skeleton.
The wyvern skeleton is severely damaged.
The wyvern skeleton bites you but does no damage.
The wyvern skeleton bites you.
* * * LOW HITPOINT WARNING * * *
You feel better. The wyvern skeleton barely misses you.
You closely miss the wyvern skeleton.
You tail-slap the wyvern skeleton, but do no damage.
The wyvern skeleton is severely damaged.
The wyvern skeleton bites you!
You die...

....♣..P....♣.♣
#####........♣....
...........P......
#..P...P.....
##.........#
##...P..### #
#÷.#####
#...###.######
.....)..Z@..÷#
....########†# ##
#.# #.# #.# ##.#
#÷.# #.## #.#


You could see a wyvern skeleton.

Vanquished Creatures
  A two-headed ogre (D:8)
  A cyclops (D:7)
  Sigmund (D:4)
  A basilisk (D:8)
  3 porcupines (D:8)
  4 black bears
  An ice beast (D:5)
  3 sky beasts
  4 ogres
  2 wolves (D:8)
  3 crocodiles (D:8)
  2 bullfrogs
  5 scorpions
  A howler monkey (D:7)
  A bullfrog zombie (D:7)
  4 hounds
  A jelly (D:7)
  A bullfrog skeleton (D:6)
  3 orc priests
  A centaur skeleton (D:8)
  2 orc wizards
  Terence (D:2)
  An iguana (D:5)
  6 worker ants
  A hound skeleton (D:7)
  A howler monkey zombie (D:6)
  A howler monkey skeleton (D:4)
  A worker ant zombie (D:7)
  4 gnolls (D:4)
  7 adders
  A shadow imp (D:7)
  An ooze (D:3)
  An adder zombie (D:5)
  An adder skeleton (D:4)
  4 dart slugs
  3 worms
  3 leopard geckos
  24 orcs
  4 giant cockroaches
  4 hobgoblins
  11 jackals
  3 quokkas
  A ball python (D:7)
  10 bats
  6 frilled lizards
  8 goblins
  A goblin zombie (D:6)
  A jackal zombie (D:6)
  4 kobolds
  A kobold skeleton (D:6)
  A leopard gecko skeleton (D:5)
  A quokka skeleton (D:6)
  A quokka zombie (D:7)
  8 rats
171 creatures vanquished.

Vanquished Creatures (others)
  A bullfrog (D:7)
  A quokka (D:7)
  A fungus (D:8)
  3 plants (D:8)
6 creatures vanquished.

Grand Total: 177 creatures vanquished

Notes
Turn   | Place    | Note
-------+----------+-------------------------------------------
     0 | D:1      | AlterAsc the Draconian Venom Mage began the quest for the
                  | Orb.
     0 | D:1      | Reached XP level 1. HP: 14/14 MP: 3/3
   321 | D:1      | Reached XP level 2. HP: 20/20 MP: 1/5
   325 | D:1      | Learned a level 2 spell: Poisonous Vapours
  1394 | D:2      | Reached XP level 3. HP: 26/26 MP: 3/6
  1404 | D:2      | Learned a level 3 spell: Mephitic Cloud
  1427 | D:2      | Noticed Terence
  1432 | D:2      | Killed Terence
  1432 | D:2      | Reached skill level 1 in Air Magic
  1562 | D:2      | Found a sacrificial altar of Ru.
  1718 | D:2      | Reached XP level 4. HP: 21/33 MP: 1/7
  1964 | D:2      | Reached skill level 4 in Poison Magic
  2702 | D:3      | Reached XP level 5. HP: 20/38 MP: 1/9
  2832 | D:3      | Noticed Shaidar's ghost (amateur HOFi)
  2856 | D:3      | Found a runed translucent gate.
  2856 | D:3      | Found a runed translucent gate.
  2856 | D:3      | Found a runed translucent gate.
  3150 | D:4      | Found Tautypp's Jewellery Shoppe.
  3352 | D:4      | Found Bociampy's Book Emporium.
  3356 | D:4      | Noticed Sigmund
  3367 | D:4      | Found Suzxuy's Assorted Antiques.
  3378 | D:4      | Killed Sigmund
  3378 | D:4      | Reached skill level 5 in Poison Magic
  3378 | D:4      | Reached XP level 6. HP: 45/45 MP: 11/11
  3380 | D:4      | Found Suinicuc's Book Emporium.
  3607 | D:4      | Found Qiemoicw's Assorted Antiques.
  3818 | D:4      | Reached skill level 6 in Poison Magic
  3854 | D:4      | Your scales start taking on a lurid green colour.
  3854 | D:4      | Reached skill level 7 in Poison Magic
  3854 | D:4      | Reached XP level 7. HP: 50/50 MP: 12/12
  3854 | D:4      | Gained mutation: Your system is resistant to poisons.
                  | (rPois) [Green Draconian growth]
  3867 | D:4      | Found a staircase to the Ecumenical Temple.
  3916 | Temple   | Entered the Ecumenical Temple
  4141 | Temple   | Became a worshipper of Qazlal Stormbringer
  4239 | D:5      | Entered Level 5 of the Dungeon
  4635 | D:5      | Reached skill level 8 in Poison Magic
  4971 | D:6      | Reached skill level 9 in Poison Magic
  4996 | D:6      | Reached XP level 8. HP: 29/57 MP: 15/15
  5168 | D:6      | Found Jeq Bun's Antique Weapon Boutique.
  5189 | D:6      | Found a glowing golden altar of the Shining One.
  5243 | D:5      | Learned a level 4 spell: Olgreb's Toxic Radiance
  5249 | D:5      | Learned a level 5 spell: Venom Bolt
  5331 | D:6      | Found a burning altar of Makhleb.
  5331 | D:6      | Found a shimmering altar of Xom.
  5331 | D:6      | Found a hazy altar of Hepliaklqana.
  5356 | D:6      | Reached * piety under Qazlal
  5528 | D:6      | Reached skill level 5 in Spellcasting
  5590 | D:6      | Found Suok's Distillery.
  5690 | D:7      | Found a white marble altar of Elyvilon.
  5775 | D:7      | Reached skill level 10 in Poison Magic
  5776 | D:7      | Noticed a cyclops
  6249 | D:7      | Killed a cyclops
  6249 | D:7      | Reached XP level 9. HP: 20/62 MP: 2/17
  6263 | D:7      | Reached skill level 11 in Poison Magic
  6498 | D:7      | Reached ** piety under Qazlal
  6827 | D:8      | Found Erossip's Weapon Shop.
  6891 | D:8      | Reached skill level 1 in Invocations
  6905 | D:8      | Noticed a two-headed ogre
  6929 | D:8      | Killed a two-headed ogre
  6929 | D:8      | Reached skill level 12 in Poison Magic
  7239 | D:8      | Reached XP level 10. HP: 34/69 MP: 20/20
  7321 | D:8      | Found a staircase to the Lair.
  7353 | D:8      | HP: 1/69 [wyvern skeleton (6)]
  7355 | D:8      | Slain by a wyvern skeleton

Levels and vault maps discovered:
D:1:      saegor_arrival_under_anarchy, layout_basic,
          chequers_serial_rivers_small_a
D:2:      layout_loops_ring, nicolae_ru_awakened_eye, first_ration, uniq_terence
D:3:      minmay_chambers_of_twos, layout_loops_ring, gammafunk_ghost_icy
D:4:      layout_loops_ring, minmay_temple_entry_crystal_x, serial_shops,
          nicolae_shop_statue_plus, shop, kennysheep_mini, shop_fountains, shop,
          uniq_sigmund
D:5:      layout_rooms
D:6:      layout_basic, chequers_temple_overflow_statue_of_worship,
          serial_shops, shop, kennysheep_mini_moat, nicolae_shop_crystal,
          nicolae_tso_besieged_by_evil
D:7:      cheibrodos_fzero, layout_cave_pools, elyvilon_altar_4
D:8:      layout_loops_ring, minmay_lair_entry_grove, serial_shops, shop, shop,
          nicolae_shop_competitors_out_of_business, nicolae_shop_statue_plus,
          shop, gup_ossuary_entry_pyramid, gammafunk_ghost_mausoleum,
          hangedman_little_slice_of_home
Temple:   regret_index_temple_generic_petals

Skill      XL: |  1  2  3  4  5  6  7  8  9 10 |
---------------+-------------------------------+-----
Air Magic      | 1 2 3 4 |  4.5
Poison Magic   | 4 5 7 9 10 12 | 12.7
Conjurations   | 2 4 |  4.1
Spellcasting   | 3 4 5 6 7 |  7.0
Invocations    | 3 |  3.4
Dodging        | |  1.7
Stealth        | |  1.7

Action                   |  1- 3 |  4- 6 |  7- 9 | 10-12 || total
-------------------------+-------+-------+-------+-------++-------
Melee: Unarmed           |    29 |       |       |       ||    29
       Tailslap          |     3 |    13 |    20 |     4 ||    40
       Dagger            |    16 |    42 |       |       ||    58
       Short sword       |       |    21 |       |       ||    21
       Staff             |       |    18 |   186 |    11 ||   215
Throw: Stone             |       |     3 |       |       ||     3
 Cast: Sting             |    17 |    21 |    19 |       ||    57
       Poisonous Vapours |    23 |    38 |    77 |     5 ||   143
       Mephitic Cloud    |       |     1 |    25 |     2 ||    28
       Venom Bolt        |       |       |    18 |       ||    18
       Olgreb's Toxic Ra |       |       |    13 |     3 ||    16
Invok: Upheaval          |       |       |       |     1 ||     1
  Use: Scroll            |       |       |     4 |       ||     4
       Potion            |       |       |     1 |     1 ||     2
  Eat: Chunk             |     4 |     9 |     9 |     1 ||    23
       Ration            |       |       |     4 |       ||     4
Armor: Skin              |    12 |    43 |   149 |     4 ||   208
Dodge: Dodged            |    20 |    71 |   246 |    10 ||   347
Block: Other             |       |       |    13 |     1 ||    14
